 Dungeon Crawl Stone Soup version 0.21-a0-426-g98080a9 (webtiles) character file.

312 stormtune the Covered (level 6, -3/42 HPs)
             Began as a Halfling Fighter on Nov 5, 2017.
             Slain by a worker ant (7 damage)
             ... on level 4 of the Dungeon on Nov 6, 2017.
             The game lasted 00:13:30 (2625 turns).

stormtune the Covered (Halfling Fighter)            Turns: 2625, Time: 00:13:31

Health: -3/42      AC:  3    Str: 24    XL:     6   Next: 70%
Magic:  6/6        EV: 12    Int:  6    God:
Gold:   114        SH: 11    Dex: 14    Spells: 5/5 levels left

rFire    . . .     SeeInvis .   t - +0 whip
rCold    . . .     Gourm    .   c - +0 shield
rNeg     . . .     Faith    .   (no armour)
rPois    .         Spirit   .   (no helmet)
rElec    .         Reflect  .   (no cloak)
rCorr    .         Harm     .   (no gloves)
MR       .....                  (no boots)
Stlth    ++........             (no amulet)
HPRegen  0.14/turn              p - +3 ring of protection
MPRegen  0.10/turn              (no ring)

@: mighty, lethally poisoned (-3 -> -5)
A: mutation resistance 1
a: no special abilities


You were on level 4 of the Dungeon.
You were near starving.

You visited 1 branch of the dungeon, and saw 4 of its levels.

You collected 114 gold pieces.

Inventory:

Hand Weapons
 a - a +0 rapier
 e - a +0 flail
 s - a +1 short sword of venom
 t - a +0 whip (weapon)
Armour
 b - a +0 scale mail
 c - a +0 shield (worn)
 i - a +0 ring mail
 m - +0 pearl dragon scales
 n - a +2 chain mail of poison resistance
Jewellery
 p - a +3 ring of protection (left hand)
Scrolls
 h - a scroll of remove curse
 l - a scroll of teleportation
 q - 5 scrolls of identify
Potions
 d - a potion of might
 r - a potion of curing
Comestibles
 f - 2 bread rations
 g - 2 chunks of flesh
 j - a meat ration
 k - 10 fruits
 o - a royal jelly


   Skills:
 + Level 3.2 Fighting
 + Level 2.7 Short Blades
 + Level 2.8 Maces & Flails
 + Level 4.8 Armour
 + Level 1.3 Dodging
 + Level 0.8 Stealth
 + Level 4.5 Shields


You had 5 spell levels left.
You didn't know any spells.

Dungeon Overview and Level Annotations

Branches:
Dungeon (4/15)
 Temple: D:4-7

Altars:


Innate Abilities, Weirdness & Mutations

You are small and have problems with some larger weapons.
You are somewhat resistant to further mutation.


Message History

The howler monkey hoots and howls with incredible vigour!
An orc comes into view. It is wielding a short sword.
You feel sick.
You feel sick.
You feel sick.
The worker ant bites you but does no damage.
You hear the hiss of an avalanche of sand nearby.
You block the howler monkey's attack.
You feel sick.
Found a potion of lignification.
You feel sick. You block the howler monkey's attack.
You feel sick.
The howler monkey hoots and howls with incredible vigour!
You block the worker ant's attack.
You feel sick.
You see here a potion of lignification.
You feel very mighty all of a sudden. The worker ant bites you!
You die...

#.......... ...........
........... ....##.....
.' .#..# ..... #'# ....#
.... ##### ...# .....
.... #...##...# ..
#......... .. #.@.......
.a #.ah......
##+###........#.o.......
....##?......##.........
....##.......##...##..##
.....#......(##...###'##
.....#.......#.!........
.....#.......#..........
.....#.......#..........


You could see a howler monkey, a worker ant and an orc.

Vanquished Creatures
  A phantom (D:3)
  An orc priest (D:3)
  2 orc wizards (D:3)
  A worker ant (D:4)
  A gnoll (D:1)
  2 adders (D:2)
  3 worms
  A dart slug (D:1)
  A leopard gecko (D:3)
  5 orcs (D:3)
  2 bats
  5 giant cockroaches
  6 goblins
  12 hobgoblins
  4 jackals (D:2)
  A quokka (D:2)
  2 frilled lizards
  6 kobolds
  12 rats
68 creatures vanquished.

Notes
Turn   | Place    | Note
-------+----------+-------------------------------------------
     0 | D:1      | stormtune the Halfling Fighter began the quest for the Orb.
     0 | D:1      | Reached XP level 1. HP: 15/15 MP: 1/1
   177 | D:1      | Reached XP level 2. HP: 20/20 MP: 2/2
   586 | D:1      | Reached XP level 3. HP: 20/25 MP: 3/3
   967 | D:2      | Reached XP level 4. HP: 28/31 MP: 4/4
  1536 | D:3      | Reached skill level 1 in Maces & Flails
  1629 | D:3      | Paralysed by fainting for 10 turns
  1641 | D:3      | Paralysed by fainting for 8 turns
  1667 | D:3      | Paralysed by fainting for 10 turns
  1710 | D:3      | Paralysed by fainting for 8 turns
  1730 | D:3      | Noticed a phantom
  1784 | D:3      | Killed a phantom
  1784 | D:3      | Reached XP level 5. HP: 17/36 MP: 5/5
  2051 | D:3      | Reached skill level 1 in Dodging
  2182 | D:3      | Reached XP level 6. HP: 42/42 MP: 6/6
  2625 | D:4      | Slain by a worker ant

Vault maps used:
D:1:      lightli_arrival_windingriver, minmay_misc_feat_enclosed
D:4:      eat_drink_and_be_merry_uskayaw, nicolae_ossuary_entry_giza,
          first_bread, hangedman_decor_points

Skill      XL: |  1  2  3  4  5 |
---------------+----------------+-----
Fighting       | 3 |  3.2
Shields        | 4 |  4.5
Armour         | 4 |  4.8
Maces & Flails | 2 |  2.8
Dodging        | 1 |  1.3
Short Blades   | |  2.7
Stealth        | |  0.8

Action                   |  1- 3 |  4- 6 || total
-------------------------+-------+-------++-------
Melee: Rapier            |    34 |       ||    34
       Flail             |    60 |   136 ||   196
       Whip              |       |    49 ||    49
  Use: Scroll            |     3 |     2 ||     5
       Potion            |     2 |     5 ||     7
  Eat: Bread ration      |       |     1 ||     1
Armor: Scale mail        |    10 |       ||    10
       Pearl dragon scal |    33 |    73 ||   106
       Skin              |       |    23 ||    23
Dodge: Dodged            |    36 |   101 ||   137
Block: Shield            |    53 |   121 ||   174

Table legend:
 A = Spawn XP
 B = Non-spawn XP
 C = Spawn XP percentage of total XP
 D = Spawn monster count
 E = Non-spawn monster count
 F = Spawn count percentage of total count
 G = Total turns spent on level
                    A         B        C        D         E        F      G
               +---------+---------+-------+---------+---------+-------+---------
         Total |       0 |     446 |   0.0 |       0 |      68 |   0.0 |  2625
               +---------+---------+-------+---------+---------+-------+---------
           D:1 |       0 |      38 |   0.0 |       0 |      14 |   0.0 |   784
           D:2 |       0 |      75 |   0.0 |       0 |      26 |   0.0 |   736
           D:3 |       0 |     296 |   0.0 |       0 |      25 |   0.0 |   895
           D:4 |       0 |      37 |   0.0 |       0 |       3 |   0.0 |   210
               +---------+---------+-------+---------+---------+-------+---------
